 Dungeon Crawl Stone Soup version 0.24.1-8-ga250c9d538 (webtiles) character file.

Game seed: 11720486096907181921, levelgen mode: deterministic

9224 Hugehornet the Martial Artist (level 11, -10/63 HPs)
             Began as an Octopode Transmuter on May 8, 2020.
             Was the Champion of Cheibriados.
             Mangled by an orc warrior
             ... wielding a +0 halberd
              (23 damage)
             ... on level 11 of the Dungeon.
             The game lasted 00:54:21 (15338 turns).

Hugehornet the Martial Artist (OpTm)               Turns: 15338, Time: 00:54:22

Health: -10/63     AC:  1    Str: 29    XL:     11   Next: 43%
Magic:  16/22      EV: 14    Int: 35    God:    Cheibriados [******]
Gold:   464        SH:  3    Dex: 27    Spells: 1/24 levels left

rFire    . . .     SeeInvis .     - Unarmed
rCold    + . .     Gourm    .   (shield currently unavailable)
rNeg     . . .     Faith    .   (helmet restricted)
rPois    +         Spirit   .   v - +3 amulet of reflection
rElec    .         Reflect  +   j - +5 ring of strength
rCorr    +         Harm     .   u - ring of resist corrosion
MR       .....                  t - ring of protection from cold
Stlth    +++.......             E - ring of wizardry
HPRegen  0.20/turn              (no ring)
MPRegen  0.18/turn              (no ring)
                                (no ring)
                                (no ring)

@: blade tentacles, very slow
A: almost no armour, stealthy swim, amphibious, 8 rings, constrict 8, camouflage
1, poison resistance, wild magic 1, gelatinous body 1
a: End Transformation, Bend Time, Temporal Distortion, Slouch, Step From Time,
Renounce Religion


You were on level 11 of the Dungeon.
You worshipped Cheibriados.
Cheibriados was exalted by your worship.
You were hungry.
You had blades for tentacles.
You visited 1 branch of the dungeon, and saw 11 of its levels.

You collected 718 gold pieces.
You spent 254 gold pieces at shops.

Inventory:

Missiles
 a - 104 arrows
Armour
 o - a +0 buckler (melded)
Jewellery
 j - a +5 ring of strength (left scythe-like blade)
 t - a ring of protection from cold (on tentacle)
 u - a ring of resist corrosion (right scythe-like blade)
 v - a +3 amulet of reflection (around mantle)
 E - a ring of wizardry (on tentacle)
 F - an uncursed ring of ice
 G - an uncursed amulet of harm {unknown}
Wands
 m - a wand of digging (6)
 p - a wand of paralysis (9)
 q - a wand of flame (32)
 z - a wand of disintegration (10)
Scrolls
 b - 2 scrolls of enchant weapon
 d - 3 scrolls of teleportation
 e - a scroll of blinking
 f - a scroll of fog
 h - 5 scrolls of amnesia
 l - 2 scrolls of fear
 r - a scroll of random uselessness {unknown}
 s - 2 scrolls of torment {unknown}
 x - a scroll of holy word {unknown}
 y - 2 scrolls of silence {unknown}
 A - 2 scrolls of magic mapping
Potions
 g - 3 potions of flight
 i - 3 potions of ambrosia
 k - 4 potions of curing
 w - a potion of cancellation
 C - a potion of magic
 D - a potion of might {unknown}
Comestibles
 c - 18 rations


   Skills:
 - Level 1.0 Fighting
 - Level 2.0 Dodging
 - Level 4.8 Shields
 * Level 9.1 Unarmed Combat
 + Level 7.4 Spellcasting
 - Level 1.3 Conjurations
 - Level 1.1 Hexes
 - Level 9.0 Transmutations
 - Level 1.4 Fire Magic
 - Level 3.5 Ice Magic
 - Level 3.0 Poison Magic
 - Level 7.1 Invocations


You had one spell level left.
You knew the following spells:

 Your Spells              Type           Power        Failure   Level  Hunger
a - Beastly Appendage     Tmut           ######       4%          1    None
b - Sticks to Snakes      Tmut           #######.     4%          2    None
c - Spider Form           Tmut/Pois      ######....   9%          3    None
d - Ice Form              Ice/Tmut       ######..     13%         4    None
e - Blade Hands           Tmut           #######...   12%         5    ####...
f - Conjure Flame         Conj/Fire      ####....     19%         3    None
g - Ensorcelled Hibernat  Hex/Ice        #####.       12%         2    None
h - Confuse               Hex            ####....     21%         3    None

Your spell library contained the following spells:

 Spells                   Type           Power        Failure   Level  Hunger
 Corona                   Hex            ####...      12%         1    None
 Flame Tongue             Conj/Fire      ####.        12%         1    None
 Magic Dart               Conj           ####         12%         1    None
 Searing Ray              Conj           ####..       13%         2    None
 Throw Flame              Conj/Fire      ####..       13%         2    None
 Dazzling Spray           Conj/Hex       ####..       21%         3    None
 Inner Flame              Hex/Fire       ####....     21%         3    None
 Tukima's Dance           Hex            ####....     21%         3    None
 Fulminant Prism          Conj/Hex       ####......   36%         4    None
 Iskenderun's Mystic Bla  Conj           ####....     36%         4    None
 Sticky Flame             Conj/Fire      ####....     36%         4    None
 Force Lance              Conj/Tloc      ###.....     41%         4    None
 Fireball                 Conj/Fire      ####......   58%         5    ####...


Dungeon Overview and Level Annotations

Branches:
Dungeon (11/15)            Temple (0/1) D:6            Lair (0/6) D:10
    Orc: D:9-12

Altars:
Ashenzari
Cheibriados
Elyvilon
Hepliaklqana
Kikubaaqudgha
Makhleb
Okawaru
Qazlal
Ru
Trog
Uskayaw
Vehumet
Xom
Yredelemnul

Shops:
D:4 [   D:8 =:*%   D:11 [

Annotations:
D:5 1 runed translucent door, exclusion: statue, Hugehornet's ghost, amateur OpTm
D:7 exclusion: downstairs, Harold
D:9 2 transporters, harkrass's ghost, novice MiFi


Innate Abilities, Weirdness & Mutations

You cannot wear most types of armour.
You are very stealthy in the water. (Stealth+)
You are amphibious.
You can wear up to eight rings at the same time.
You can use your tentacles to constrict eight enemies at once.
Your skin changes colour to match your surroundings (Stealth+).
Your rubbery body absorbs attacks. (AC +1, EV +1)
Your system is resistant to poisons. (rPois)
Your spells are a little harder to cast, but a little more powerful.


Message History

You kill the orc!
Cheibriados appreciates the change of pace.
Your tentacles revert to their normal proportions.
Your +0 buckler unmelds from your body.
Something hits you.
* * * LOW HITPOINT WARNING * * *
The orc throws a boomerang.
You reflect the boomerang off an invisible shield around you!
The boomerang hits the orc.
The weapon returns to the orc!
Casting: Blade Hands (safe; 1% risk of failure)
Confirm with . or Enter, or press ? or * to list all spells.
Your tentacles turn into razor-sharp scythe blades.
Your +0 buckler melds into your body.
Something hits you but does no damage. The orc warrior barely misses you.
The orc throws a boomerang.
The boomerang barely misses you.
The weapon returns to the orc!
You slash the orc warrior! Your grab misses the orc warrior.
Your squeeze misses the orc warrior.
The orc warrior is moderately wounded.
Something barely misses you.
The orc warrior hits you with a +0 halberd!!
You die...

≈.≈≈≈##....# #.#
≈≈≈≈....##.######## .8 #.#
≈♣≈[.♣≈.###.......# #.. #.#
♣.≈≈♣.### #.#########... #.#
≈♣≈.≈♣.# ##.## #...... #.#
♣≈..≈.♣###...# #o#..... #÷#
)♣.♣≈≈≈.....####)#oo.... #[.
≈..≈..####.## #o#.oo.... ###
#.....## #.# ##@)# #.# #..
....^..# #.# ##)## ... #.#
.......###'## #..# #.######.#
..(....##...###.## #.##......
#.....##........# ### #.##.###.#
.....>........######.###.##.# #.#
..#.##.........###.......##.###.#
.....+.........'..............)..
..#.##.........###.......##.#####


You could see an orc warrior and 4 orcs.

Vanquished Creatures
  Fannar (D:11)
  A two-headed ogre (D:11)
  A deep elf mage (D:11)
  Maurice (D:9)
  Joseph (D:9)
  A centaur zombie (D:10)
  A troll (D:9)
  A hippogriff (D:8)
  A wraith (D:6)
  A wyvern (D:11)
  Grum (D:9)
  2 hungry ghosts (D:10)
  An ice beast (D:11)
  3 orc warriors
  2 sky beasts (D:9)
  A black bear (D:10)
  An eye of draining (D:10)
  3 wolves (D:9)
  7 ogres
  A centaur (D:11)
  2 big kobolds
  A crocodile (D:7)
  6 bullfrogs
  A water moccasin zombie (D:9)
  5 scorpions
  10 killer bees
  8 wights
  5 howler monkeys
  3 crimson imps
  3 bullfrog zombies
  4 jellies
  12 orc priests
  6 hounds
  10 orc wizards
  2 bullfrog skeletons
  An iguana (D:10)
  7 worker ants
  3 hound skeletons
  2 worker ant zombies
  7 gnolls (D:3)
  13 adders
  3 shadow imps
  9 oozes
  5 worms
  5 dart slugs
  3 leopard geckos
  54 orcs
  10 bats
  6 giant cockroaches
  3 goblins
  6 hobgoblins
  6 jackals
  7 quokkas
  2 ball pythons
  4 frilled lizards
  19 kobolds
  A leopard gecko skeleton (D:5)
  A leopard gecko zombie (D:5)
  A quokka zombie (D:6)
  6 rats
294 creatures vanquished.

Vanquished Creatures (collateral kills)
  A wyvern (D:9)
  A water moccasin (D:6)
  An ice beast (D:8)
  An orc (D:8)
4 creatures vanquished.

Vanquished Creatures (others)
  A quokka (D:9)
  12 toadstools (D:3)
13 creatures vanquished.

Grand Total: 311 creatures vanquished

Notes
Turn   | Place    | Note
-------+----------+-------------------------------------------
     0 | D:1      | Hugehornet the Octopode Transmuter began the quest for the
                  | Orb.
     0 | D:1      | Reached XP level 1. HP: 13/13 MP: 3/3
   146 | D:1      | Reached XP level 2. HP: 17/18 MP: 3/5
   150 | D:1      | Learned a level 2 spell: Sticks to Snakes
   682 | D:1      | Reached XP level 3. HP: 18/23 MP: 4/6
   687 | D:1      | Learned a level 3 spell: Spider Form
  1193 | D:2      | Reached skill level 1 in Poison Magic
  1703 | D:2      | Reached XP level 4. HP: 20/28 MP: 6/8
  1818 | D:2      | Found a hide-covered altar of Uskayaw.
  1818 | D:2      | Noticed a +0 hand axe
  1819 | D:2      | Noticed a +0 hand axe
  2177 | D:2      | Gained mutation: You are agile. (Dex +2) [potion of
                  | mutation]
  2177 | D:2      | Gained mutation: Your magical capacity is low. (-10% MP)
                  | [potion of mutation]
  2177 | D:2      | Gained mutation: You are somewhat resistant to further
                  | mutation. [potion of mutation]
  2399 | D:2      | Found a snail-covered altar of Cheibriados.
  2406 | D:2      | Became a worshipper of Cheibriados the Contemplative
  3116 | D:3      | Found a stormy altar of Qazlal.
  3249 | D:3      | Reached XP level 5. HP: 13/33 MP: 2/8
  3552 | D:3      | Reached * piety under Cheibriados
  3792 | D:3      | Learned a level 4 spell: Ice Form
  4301 | D:3      | Reached XP level 6. HP: 38/38 MP: 7/9
  4818 | D:4      | Reached ** piety under Cheibriados
  4997 | D:4      | Found a sacrificial altar of Ru.
  5315 | D:4      | Reached skill level 1 in Shields
  5329 | D:4      | Reached skill level 1 in Ice Magic
  5572 | D:4      | Found Keygaorchiv's Armour Emporium.
  5606 | D:4      | Reached XP level 7. HP: 39/43 MP: 8/11
  5725 | D:4      | Found a shimmering altar of Xom.
  5727 | D:4      | Found an ancient bone altar of Kikubaaqudgha.
  6006 | D:4      | Found a basalt altar of Yredelemnul.
  6075 | D:5      | Entered Level 5 of the Dungeon
  6391 | D:5      | Found a radiant altar of Vehumet.
  6642 | D:5      | Found a runed translucent door.
  6652 | D:5      | Noticed Hugehornet's ghost (amateur OpTm)
  6678 | D:5      | Reached *** piety under Cheibriados
  7290 | D:6      | Reached skill level 5 in Transmutations
  7727 | D:6      | Found a staircase to the Ecumenical Temple.
  7747 | D:6      | Noticed a wraith
  7949 | D:6      | Reached XP level 8. HP: 48/48 MP: 10/12
  8323 | D:6      | Learned a level 3 spell: Conjure Flame
  8680 | D:6      | Reached skill level 1 in Conjurations
  8680 | D:6      | Reached skill level 1 in Fire Magic
  8777 | D:6      | Killed a wraith
  9285 | D:7      | Found a stormy altar of Qazlal.
  9288 | D:7      | Found a burning altar of Makhleb.
  9507 | D:7      | Reached **** piety under Cheibriados
  9613 | D:7      | Reached skill level 1 in Invocations
  9613 | D:7      | Reached XP level 9. HP: 36/53 MP: 11/14
 10071 | D:7      | Reached skill level 5 in Unarmed Combat
 10444 | D:7      | Noticed Harold
 10909 | D:8      | Found Qafawk's Assorted Antiques.
 10915 | D:8      | Bought a small sapphire amulet for 130 gold pieces
 10915 | D:8      | Bought a metallic black potion for 23 gold pieces
 10915 | D:8      | Bought a scroll labeled DUCEUCLESSI for 26 gold pieces
 10915 | D:8      | Bought a scroll labeled WASERPH IQUC ZUOC for 26 gold
                  | pieces
 11017 | D:8      | Reached ***** piety under Cheibriados
 11059 | D:8      | Reached skill level 5 in Spellcasting
 11076 | D:8      | Found Deony's Food Boutique.
 11129 | D:8      | Learned a level 5 spell: Blade Hands
 11173 | D:8      | Found Astuh's Book Boutique.
 11353 | D:8      | Lost mutation: You are somewhat resistant to further
                  | mutation. [potion of mutation]
 11353 | D:8      | Lost mutation: Your magical capacity is low. (-10% MP)
                  | [potion of mutation]
 11353 | D:8      | Gained mutation: Your spells are a little harder to cast,
                  | but a little more powerful. [potion of mutation]
 11353 | D:8      | Lost mutation: You are agile. (Dex +2) [potion of mutation]
 11353 | D:8      | Gained mutation: Your system is resistant to poisons.
                  | (rPois) [potion of mutation]
 11448 | D:8      | Found a shattered altar of Ashenzari.
 11644 | D:8      | Found Heerawau's Jewellery Shoppe.
 11650 | D:8      | Bought a cursed ring of teleportation for 49 gold pieces
 12038 | D:9      | Found a hazy altar of Hepliaklqana.
 12081 | D:9      | Noticed Maurice
 12088 | D:9      | Killed Maurice
 12088 | D:9      | Reached XP level 10. HP: 41/58 MP: 11/18
 12389 | D:9      | Learned a level 2 spell: Ensorcelled Hibernation
 12441 | D:9      | Noticed Grum
 12449 | D:9      | Killed Grum
 12449 | D:9      | Reached skill level 1 in Hexes
 12511 | D:9      | Found a transporter.
 12516 | D:9      | Noticed a cyclops
 12516 | D:9      | Noticed a two-headed ogre
 12522 | D:9      | Noticed a two-headed ogre
 12524 | D:9      | Noticed a two-headed ogre
 12525 | D:9      | Found a bloodstained altar of Trog.
 12525 | D:9      | Found a transporter.
 12525 | D:9      | Noticed a moth of wrath
 12525 | D:9      | Noticed harkrass's ghost (novice MiFi)
 12555 | D:9      | Reached skill level 5 in Invocations
 12753 | D:9      | Found an iron altar of Okawaru.
 12755 | D:9      | Found a bloodstained altar of Trog.
 12947 | D:9      | Noticed Joseph
 12959 | D:9      | Killed Joseph
 13055 | D:9      | Found a white marble altar of Elyvilon.
 13232 | D:10     | Entered Level 10 of the Dungeon
 13472 | D:10     | Reached ****** piety under Cheibriados
 13591 | D:10     | Found a staircase to the Lair.
 14262 | D:10     | Reached XP level 11. HP: 58/63 MP: 21/21
 14394 | D:11     | Noticed a deep elf mage
 14399 | D:11     | Killed a deep elf mage
 14410 | D:11     | Learned a level 3 spell: Confuse
 14416 | D:11     | Found Yploy's Armour Shop.
 14790 | D:11     | Noticed a two-headed ogre
 14795 | D:11     | Killed a two-headed ogre
 15061 | D:11     | Noticed Fannar
 15070 | D:11     | Killed Fannar
 15338 | D:11     | Mangled by an orc warrior

Levels and vault maps discovered:
D:1:      dpeg_arrival_line_fractal, layout_loops_ring, minmay_misc_feat_columns
D:2:      minmay_evil_eye, layout_basic, dancing_weapons_uskayaw,
          kennysheep_slug_shrine
D:3:      cheibrodos_fertilizer, layout_basic, first_ration,
          minmay_curled_crystal, hangedman_decor_diamond_cutter,
          nicolae_qazlal_general_emergency
D:4:      layout_basic, kennysheep_mini_moat, nicolae_ru_the_path_less_chosen,
          minitemple, serial_shops, shop, kennysheep_pointless_box,
          chequers_serial_rivers_small_3, minmay_misc_feat_room
D:5:      layout_gridville, vehumet_statue, ebering_ghost_sewer_d,
          nicolae_zen_rock_garden
D:6:      layout_gridville, minmay_temple_entry_gardened_gates,
          hangedman_decor_clover_reticule
D:7:      layout_gridville, overflow_temple_1_default, basic_altar, uniq_harold
D:8:      layout_loops_corners, cheibrodos_ashenzari_chains, serial_shops, shop,
          nicolae_shop_waterfront, nicolae_shop_overgrown_old_shop, shop
D:9:      layout_basic, grunt_temple_overflow_bloody_war, elyvilon_altar_4,
          old_standard_altar, gammafunk_ghost_wrathful_warriors, uniq_grum,
          uniq_maurice, uniq_joseph
D:10:     layout_basic, lair_entry_dummy, blue_anna_alchemist
          [blue_anna_fruit_fields, blue_anna_fruit_fields],
          nicolae_straight_to_the_point
D:11:     layout_loops_corners, hiddenorc1_lemuel, serial_shops,
          nicolae_shop_behind_doors, chequers_serial_rivers_marsh, uniq_fannar

Skill      XL: |  1  2  3  4  5  6  7  8  9 10 11 |
---------------+----------------------------------+-----
Transmutations | 3 4 5 6 8 9 |  9.0
Poison Magic   | 2 3 |  3.0
Spellcasting   | 3 4 5 6 7 |  7.4
Shields        | 1 2 4 |  4.8
Ice Magic      | 1 2 3 |  3.5
Unarmed Combat | 4 6 7 9 |  9.1
Conjurations   | 1 |  1.3
Fire Magic     | 1 |  1.4
Invocations    | 1 4 6 7 |  7.1
Hexes          | 1 |  1.1
Fighting       | |  1.0
Dodging        | |  2.0

Action                   |  1- 3 |  4- 6 |  7- 9 | 10-12 || total
-------------------------+-------+-------+-------+-------++-------
Melee: Unarmed           |    79 |   157 |   262 |   145 ||   643
       Constrict         |    19 |    31 |    45 |    30 ||   125
       Kick              |    19 |    29 |    86 |    19 ||   153
       Tentacles         |     9 |    18 |    44 |    46 ||   117
       Punch             |     1 |     2 |     5 |     9 ||    17
 Cast: Beastly Appendage |    26 |    31 |    49 |    13 ||   119
       Spider Form       |       |     7 |    13 |     1 ||    21
       Sticks to Snakes  |       |     2 |    20 |     1 ||    23
       Blade Hands       |       |       |     3 |    24 ||    27
       Conjure Flame     |       |       |     1 |       ||     1
 Abil: End Transformatio |       |       |     6 |     4 ||    10
  Use: Scroll            |       |    11 |     5 |     4 ||    20
       Potion            |       |     2 |     3 |     1 ||     6
 Stab: Sleeping          |     9 |     2 |     9 |     2 ||    22
  Eat: Chunk             |     1 |     5 |    10 |     6 ||    22
       Ration            |       |     2 |       |     1 ||     3
Armor: Skin              |    12 |     4 |     9 |     4 ||    29
Dodge: Dodged            |    47 |   137 |   147 |    85 ||   416
Block: Buckler           |       |     7 |    26 |     8 ||    41
       Other             |       |       |     5 |    11 ||    16
       Reflection        |       |       |       |     1 ||     1
